 Dungeon Crawl Stone Soup version 0.20.0 (webtiles) character file.

10790 BarneyGumball the Grappler (level 11, -7/94 HPs)
             Began as a Troll Monk on June 6, 2017.
             Was a High Priest of Nemelex Xobeh.
             Mangled by Snorg (13 damage)
             ... on level 11 of the Dungeon.
             The game lasted 00:41:45 (9278 turns).

BarneyGumball the Grappler (Troll Monk)             Turns: 9278, Time: 00:41:46

Health: -7/94      AC:  6    Str: 21    XL:     11   Next: 40%
Magic:  16/16      EV: 11    Int:  6    God:    Nemelex Xobeh [*****.]
Gold:   397        SH:  0    Dex: 15    Spells: 7/10 levels left

rFire    . . .     SeeInvis +     - Unarmed
rCold    + . .     Gourm    +   (no shield)
rNeg     . . .     Faith    .   P - +1 robe {rC+}
rPois    .         Spirit   .   (helmet restricted)
rElec    .         Reflect  .   H - scarf {repulsion}
rCorr    .         Harm     .   (gloves unavailable)
MR       +....                  (boots unavailable)
Stlth    ++........             (no amulet)
Regen    0.7/turn               d - ring of protection from magic
MPRegen  0.2/turn               l - ring of see invisible

@: repel missiles
A: unfitting armour, claws 3, fast metabolism 3, gourmand, regeneration 1,
shaggy fur 1, tough skin 2
a: Triple Draw, Deal Four, Stack Five, Renounce Religion


You were on level 11 of the Dungeon.
You worshipped Nemelex Xobeh.
Nemelex Xobeh was extremely pleased with you.
You were very full.

You visited 1 branch of the dungeon, and saw 11 of its levels.

You collected 577 gold pieces.
You spent 180 gold pieces at shops.

Inventory:

Armour
 a - a +1 robe
 r - a +0 large shield
 H - a scarf of repulsion (worn)
 P - a +1 robe of cold resistance (worn)
Jewellery
 d - a ring of protection from magic (left claw)
 l - a ring of see invisible (right claw)
 w - an uncursed ring of magical power
 G - an uncursed ring of positive energy
 O - an uncursed ring of ice
Wands
 s - a wand of iceblast (3/15)
 I - a wand of enslavement (16/24)
Scrolls
 c - 10 scrolls of teleportation
 h - 14 scrolls of remove curse
 j - a scroll of enchant weapon
 k - 4 scrolls of identify
 n - a scroll of enchant armour
 u - a scroll of magic mapping {unknown}
 x - 2 scrolls of random uselessness {unknown}
 y - a scroll of fog
 C - a scroll of blinking {unknown}
 E - a scroll of immolation
 K - a scroll of silence {unknown}
Potions
 e - a potion of lignification {unknown}
 f - 5 potions of cancellation {unknown}
 i - a potion of flight {unknown}
 o - 2 potions of mutation {unknown}
 p - 2 potions of ambrosia {unknown}
 q - 2 potions of haste {unknown}
 z - 2 potions of might {unknown}
 D - a potion of agility
 F - a potion of magic {unknown}
 L - a potion of invisibility {unknown}
Books
 v - a book of Misfortune

   Spells                             Type                      Level
   a - Confusing Touch                Hexes                        1
   b - Confuse                        Hexes                        3
   c - Gell's Gravitas                Translocation                3
   d - Petrify                        Transmutation/Earth          4
   e - Metabolic Englaciation         Hexes/Ice                    5
   f - Yara's Violent Unravelling     Hexes/Transmutation          5
 B - a book of Necromancy

   Spells                             Type                      Level
   a - Pain                           Necromancy                   1
   b - Animate Skeleton               Necromancy                   1
   c - Vampiric Draining              Necromancy                   3
   d - Regeneration                   Charms/Necromancy            3
   e - Animate Dead                   Necromancy                   4
   f - Control Undead                 Necromancy                   4
 N - a book of Minor Magic

   Spells                             Type                      Level
   a - Magic Dart                     Conjuration                  1
   b - Blink                          Translocation                2
   c - Call Imp                       Summoning                    2
   d - Slow                           Hexes                        2
   e - Conjure Flame                  Conjuration/Fire             3
   f - Mephitic Cloud                 Conjuration/Poison/Air       3
Miscellaneous
 t - a plain deck of summoning {drawn: 2}
 J - an ornate deck of escape {drawn: 2}
 M - an ornate deck of summoning {drawn: 4}
 R - a plain deck of escape
Comestibles
 b - 8 bread rations
 g - 10 royal jellies
 m - 9 fruits
 A - 3 meat rations


   Skills:
 - Level 2.4 Fighting
 - Level 2.4 Dodging
 - Level 1.0 Stealth
 * Level 9.0 Shields
 - Level 11.0 Unarmed Combat
 + Level 9.3 Invocations


You had 7 spell levels left.
You knew the following spells:

 Your Spells              Type           Power        Failure   Level  Hunger
a - Confusing Touch       Hex            #.....       45%         1    ##.....
b - Blink                 Tloc           N/A          58%         2    ###....


Dungeon Overview and Level Annotations

Branches:
Dungeon (11/15)            Temple (0/1) D:6            Lair (0/6) D:11
    Orc (0/2) D:9

Altars:
Dithmenos
Fedhas
Gozag
Makhleb
Nemelex Xobeh
Zin

Shops:
D:9 [

Annotations:
D:4 Eustachio
D:11 Snorg


Innate Abilities, Weirdness & Mutations

You are too large for most types of armour.
You have claws for hands.
Your metabolism is lightning-fast.
You like to eat raw meat.
Your natural rate of healing is unusually fast.
You are covered in fur. (AC +1)
You have very tough skin. (AC +2)


Message History

Snorg is almost dead.
Snorg closely misses you. Snorg claws you but does no damage. Snorg claws you!
Your enchanted long sword hits Snorg!
You barely miss Snorg.
Snorg is almost dead.
Snorg bites you!!
* * * LOW HITPOINT WARNING * * *
Snorg barely misses you. x2
Your enchanted long sword hits Snorg!
You hear a shout!
Snorg bites you.
* * * LOW HITPOINT WARNING * * *
Snorg barely misses you. Snorg claws you!
* * * LOW HITPOINT WARNING * * *
Evoke which item? (* to show all) (? for menu, Esc to quit)
You draw a card...
It is Velocity.
Snorg is moving somewhat quickly.
The white ugly thing is moving somewhat quickly.
Snorg misses you. x2; Snorg claws you!
You die...
Your body disappears without a glow.

#.# #.# ##+## #.# ##...##
#.# ##.....## ####.# #
##.......## ##.##.# #
..###.........####...#.###
....u..(......'........)))
#...T@....####...#.###
##.......## #........
##.....## #.###.###
##...## #.# #.# # ##'##
#.###.### #.# #.##...##
#.# #.###.### #.# #####.#
#.# # ......###.###


You could see Snorg (berserk), a white ugly thing and a friendly enchanted long
sword.

Vanquished Creatures
  A mana viper (D:10)
  A deep elf mage (D:9)
  A komodo dragon (D:8)
  A troll (D:9)
  Grinder (D:3)
  A hippogriff (D:8)
  A yak (D:10)
  A wyvern (D:11)
  2 wargs (D:11)
  An acid dragon (D:6)
  A porcupine (D:8)
  4 sky beasts
  4 orc warriors
  3 ice beasts
  4 phantoms
  3 ogres
  A black bear (D:10)
  A necrophage (D:8)
  2 slaves (D:5)
  2 wolves (D:11)
  A crocodile (D:9)
  3 centaurs
  4 bullfrogs
  A wyvern skeleton (D:8)
  2 scorpions
  11 killer bees
  An electric eel (D:10)
  3 wights (D:11)
  3 howler monkeys
  6 jellies
  3 crimson imps
  8 hounds
  2 centaur skeletons
  8 orc priests
  3 bullfrog skeletons
  5 iguanas
  14 orc wizards
  Terence (D:2)
  9 worker ants
  2 hound skeletons (D:6)
  A worker ant zombie (D:11)
  23 adders
  A shadow imp (D:8)
  4 adder skeletons
  A worm (D:2)
  3 dart slugs
  4 leopard geckos
  46 orcs
  4 giant cockroaches
  8 goblins
  8 hobgoblins
  7 jackals
  7 kobolds
  3 quokkas
  3 ball pythons (D:3)
  11 bats
  5 frilled lizards
  A jackal zombie (D:5)
  4 rats
270 creatures vanquished.

Vanquished Creatures (collateral kills)
  Erolcha (D:10)
  The ghost of Gridlocked the Fighter, a novice MiBe of Trog (D:9)
  A two-headed ogre (D:8)
  A centaur zombie (D:10)
  A queen bee (D:8)
  A troll (D:9)
  A hornet (D:11)
  3 yaks (D:10)
  Grum (D:11)
  2 ice beasts
  A centaur (D:6)
  7 killer bees
  A crimson imp (D:8)
  An adder (D:8)
23 creatures vanquished.

Vanquished Creatures (others)
  A rime drake (D:10)
  Sigmund (D:6)
  A sky beast (D:7)
  A big kobold (D:9)
  5 killer bees
  2 orc wizards (D:7)
  An adder (D:2)
  2 orcs (D:7)
  A kobold (D:9)
15 creatures vanquished.

Grand Total: 308 creatures vanquished

Notes
Turn   | Place    | Note
-------+----------+-------------------------------------------
     0 | D:1      | BarneyGumball the Troll Monk began the quest for the Orb.
     0 | D:1      | Reached XP level 1. HP: 22/22 MP: 0/0
    73 | D:1      | Reached XP level 2. HP: 23/29 MP: 1/1
   320 | D:1      | Reached skill level 4 in Unarmed Combat
   505 | D:2      | Reached XP level 3. HP: 36/36 MP: 2/2
   525 | D:2      | Noticed Terence
   543 | D:2      | Killed Terence
   664 | D:2      | Reached XP level 4. HP: 44/44 MP: 3/3
   805 | D:2      | Reached skill level 5 in Unarmed Combat
  1060 | D:3      | Found a faded altar of an unknown god.
  1095 | D:3      | Became a worshipper of Nemelex Xobeh the Trickster
  1095 | D:3      | Received a gift from Nemelex Xobeh
  1095 | D:3      | Reached * piety under Nemelex Xobeh
  1095 | D:3      | Reached ** piety under Nemelex Xobeh
  1095 | D:3      | Received a gift from Nemelex Xobeh
  1095 | D:3      | Received a gift from Nemelex Xobeh
  1149 | D:3      | Learned a level 1 spell: Confusing Touch
  1216 | D:3      | Reached *** piety under Nemelex Xobeh
  1370 | D:3      | Noticed Grinder
  1390 | D:3      | Paralysed by Grinder for 4 turns
  1403 | D:3      | Killed Grinder
  1403 | D:3      | Reached skill level 6 in Unarmed Combat
  1403 | D:3      | Reached XP level 5. HP: 38/50 MP: 3/5
  1403 | D:3      | Reached XP level 6. HP: 45/59 MP: 3/6
  1777 | D:3      | Reached skill level 7 in Unarmed Combat
  1864 | D:4      | Noticed Eustachio
  2129 | D:4      | Received a gift from Nemelex Xobeh
  2249 | D:4      | Reached XP level 7. HP: 63/66 MP: 8/8
  2429 | D:4      | Found a burning altar of Makhleb.
  2643 | D:5      | Entered Level 5 of the Dungeon
  2696 | D:5      | Reached skill level 8 in Unarmed Combat
  2732 | D:5      | Reached **** piety under Nemelex Xobeh
  2756 | D:5      | Reached XP level 8. HP: 74/74 MP: 8/10
  2802 | D:5      | Noticed Pikel
  2813 | D:5      | Noticed Pikel
  2813 | D:5      | Pikel changed into Pikel the acid dragon
  3096 | D:5      | Found a blossoming altar of Fedhas.
  3281 | D:5      | Reached skill level 9 in Unarmed Combat
  3286 | D:5      | Received a gift from Nemelex Xobeh
  3697 | D:6      | Killed Pikel the acid dragon
  3720 | D:6      | Reached skill level 5 in Invocations
  3857 | D:6      | Received a gift from Nemelex Xobeh
  3879 | D:6      | Noticed Sigmund
  3921 | D:6      | Killed Sigmund
  3921 | D:6      | Reached skill level 10 in Unarmed Combat
  3972 | D:6      | Found a staircase to the Ecumenical Temple.
  4255 | D:6      | Reached XP level 9. HP: 80/80 MP: 12/12
  4348 | D:6      | Found a shadowy altar of Dithmenos.
  4985 | D:7      | Reached skill level 11 in Unarmed Combat
  5021 | D:7      | Found an opulent altar of Gozag.
  5021 | D:7      | Found a glowing silver altar of Zin.
  5121 | D:8      | Received a gift from Nemelex Xobeh
  5148 | D:8      | Reached skill level 1 in Shields
  5297 | D:8      | Noticed a two-headed ogre
  5325 | D:8      | Killed a two-headed ogre
  5779 | D:8      | Received a gift from Nemelex Xobeh
  5785 | D:8      | Noticed a komodo dragon
  5785 | D:8      | a hippogriff changed into a komodo dragon
  5787 | D:8      | Killed a komodo dragon
  5787 | D:8      | Reached XP level 10. HP: 86/86 MP: 14/14
  5841 | D:8      | Reached skill level 5 in Shields
  6528 | D:9      | Noticed Gridlocked's ghost (novice MiBe)
  6543 | D:9      | Killed Gridlocked's ghost
  6631 | D:9      | Reached ***** piety under Nemelex Xobeh
  6777 | D:9      | Received a gift from Nemelex Xobeh
  6874 | D:9      | Noticed a deep elf mage
  6881 | D:9      | Killed a deep elf mage
  6984 | D:9      | Found a staircase to the Orcish Mines.
  6986 | D:9      | Found Pattu's Armour Shop.
  7000 | D:9      | Bought a scarf of repulsion for 180 gold pieces
  7123 | D:9      | Received a gift from Nemelex Xobeh
  7348 | D:10     | Entered Level 10 of the Dungeon
  7422 | D:10     | Learned a level 2 spell: Blink
  7517 | D:10     | Received a gift from Nemelex Xobeh
  7569 | D:10     | Reached XP level 11. HP: 54/94 MP: 16/16
  7746 | D:10     | Noticed Fannar
  7754 | D:10     | Noticed Fannar
  7754 | D:10     | Fannar changed into Fannar the mana viper
  7767 | D:10     | Killed Fannar the mana viper
  8087 | D:10     | Noticed Erolcha
  8105 | D:10     | Killed Erolcha
  8133 | D:10     | Received a gift from Nemelex Xobeh
  8799 | D:11     | Found a staircase to the Lair.
  8828 | D:11     | Received a gift from Nemelex Xobeh
  8861 | D:11     | Noticed Grum
  8897 | D:11     | Killed Grum
  8967 | D:11     | Paralysed by a hornet for 1 turns
  8970 | D:11     | Paralysed by a hornet for 2 turns
  8972 | D:11     | HP: 3/94 [hornet (11)]
  9258 | D:11     | Noticed Snorg
  9273 | D:11     | Noticed a white ugly thing
  9278 | D:11     | Mangled by Snorg

Skill      XL: |  1  2  3  4  5  6  7  8  9 10 11 |
---------------+----------------------------------+-----
Unarmed Combat | 4 6 7 8 10 11 | 11.0
Invocations    | 2 4 5 7 8 9 |  9.3
Shields        | 4 7 9 |  9.0
Fighting       | |  2.4
Dodging        | |  2.4
Stealth        | |  1.0

Action                   |  1- 3 |  4- 6 |  7- 9 | 10-12 || total
-------------------------+-------+-------+-------+-------++-------
Melee: Unarmed           |    83 |   118 |   269 |   289 ||   759
       Punch             |     1 |     7 |    20 |    16 ||    44
 Cast: Blink             |       |       |       |     1 ||     1
Invok: Triple Draw       |       |       |     1 |       ||     1
Evoke: Deck              |       |       |    19 |    35 ||    54
       Wand              |       |       |       |     4 ||     4
  Use: Scroll            |       |       |    12 |     1 ||    13
       Potion            |       |       |       |     8 ||     8
 Stab: Sleeping          |     2 |     9 |     3 |     2 ||    16
       Distracted        |       |       |       |     3 ||     3
  Eat: Chunk             |    12 |    11 |    35 |    30 ||    88
Armor: Robe              |    33 |    29 |    59 |    65 ||   186
Dodge: Dodged            |    48 |    41 |   110 |   142 ||   341
       Deflected         |       |       |       |     3 ||     3
